 Dungeon Crawl Stone Soup version 0.27-a0-1090-gb115f176c6 (webtiles) character file.

Game seed: 9384121479862897064

47 snetch the Sneak (level 3, -3/28 HPs)
             Began as a Naga Fire Elementalist on Apr 27, 2021.
             Slain by Crazy Yiuf
             ... wielding a +2 quarterstaff of chaos
              (13 damage)
             ... on level 2 of the Dungeon.
             The game lasted 00:05:11 (1609 turns).

snetch the Sneak (Naga Fire Elementalist)           Turns: 1609, Time: 00:05:12

Health: -3/28      AC:  2    Str: 10    XL:     3   Next: 70%
Magic:  2/6        EV:  9    Int: 16    God:
Gold:   150        SH:  0    Dex: 11    Spells: 6/7 levels left

rFire    + . .     SeeInvis +   g - +0 short sword
rCold    x . .     Faith    .   (no shield)
rNeg     . . .     Spirit   .   i - +0 leather armour
rPois    +         Reflect  .   (no helmet)
rElec    .         Harm     .   (no cloak)
rCorr    .         Rampage  .   (no gloves)
Will     .....                  (no barding)
Stlth    ++........             l - amulet of the acrobat
HPRegen  0.09/turn              m - ring of fire
MPRegen  0.10/turn              (no ring)

@: short of breath, very slow
A: AC +1, large, see invisible, deformed body, poison resistance, slowness 2,
spit poison 1, naga tail 1
a: Spit Poison


You were on level 2 of the Dungeon.
You visited 1 branch of the dungeon, and saw 3 of its levels.

You collected 150 gold pieces.

Inventory:

Hand Weapons
 f - a +0 spear
 g - a +0 short sword (weapon)
Missiles
 d - 38 stones
 k - 14 bolts
 p - 19 sling bullets
Armour
 a - a +0 robe
 i - a +0 leather armour (worn)
Jewellery
 l - an amulet of the acrobat (around neck)
 m - a ring of fire (left hand)
Wands
 h - a wand of acid (12)
Scrolls
 b - 2 scrolls of teleportation {unknown}
 e - a scroll of identify {unknown}
 n - a scroll of enchant armour {unknown}
Potions
 c - a potion of degeneration {unknown}
 j - 2 potions of attraction {unknown}
 o - a potion of curing {unknown}
 q - a potion of heal wounds {unknown}


   Skills:
 + Level 1.9 Dodging
 + Level 3.6 Stealth
 + Level 2.6 Spellcasting
 + Level 1.1 Conjurations
 + Level 3.6 Fire Magic


You had 6 spell levels left.
You knew the following spells:

 Your Spells              Type           Power      Damage    Failure   Level
a - Foxfire               Conj/Fire      56%        2x1d6     10%         1

Your spell library contained the following spells:

 Spells                   Type           Power      Damage    Failure   Level
 Conjure Flame            Conj/Fire      14%        6-21      30%         3
 Inner Flame              Hex/Fire       11%        N/A       36%         3
 Sticky Flame             Conj/Fire      14%        2d4       69%         4
 Fireball                 Conj/Fire      7%         3d5       95%         5


Dungeon Overview and Level Annotations

Branches:
Dungeon (3/15)

Altars:

Annotations:
D:1 loot behind rock glass
D:2 Crazy Yiuf


Innate Abilities, Weirdness & Mutations

Your serpentine skin is tough. (AC +1)
You have supernaturally acute eyesight. (SInv)
Armour fits poorly on your strangely shaped body.
Your system is resistant to poisons. (rPois)
You cover ground very slowly.
You can spit poison.
You have a snake-like lower body.


Message History

The foxfire hits the bat.
You kill the bat!
Your foxfire dissipates!
Found a scroll labelled QEIQEROURR.
b - 2 scrolls labelled QEIQEROURR (gained 1) Done exploring.
Done exploring.
Done exploring.
There is a stone staircase leading down here.
You climb downwards.
There is a stone staircase leading up here.
Found a mace.
Found a runed translucent door.
You open the door.
Crazy Yiuf screams, "Action!"
Crazy Yiuf says, "Crazy?
Crazy!?
PORCUPINE!"
Crazy Yiuf hits you with a +2 quarterstaff of chaos.
You feel your power leaking away.
Crazy Yiuf whimpers, "Papa eyeball Hive!"
Crazy Yiuf barely misses you.
Crazy Yiuf screams, "Fire!"
You feel a surge of power!
You conjure some foxfire!
Crazy Yiuf flaps his cloak.
Crazy Yiuf completely misses you.
You feel a surge of power!
You conjure some foxfire!
The foxfire hits Crazy Yiuf.
Crazy Yiuf is lightly wounded.
The foxfire hits Crazy Yiuf.
Crazy Yiuf is heavily wounded.
Crazy Yiuf cries, "Iron disdain sizzlefizz!"
Crazy Yiuf hits you with a +2 quarterstaff of chaos!
You are too injured to fight recklessly!
Unknown command.
Press: ? - help, Shift-Dir - straight line, f - Crazy Yiuf
Aim: Crazy Yiuf, wielding a +2 quarterstaff of chaos and wearing a +0 cloak (heavily wounded, ally target)
The splash of poison misses Crazy Yiuf.
The foxfire hits Crazy Yiuf.
Crazy Yiuf is heavily wounded.
The foxfire hits Crazy Yiuf.
Crazy Yiuf is severely wounded.
Crazy Yiuf hits you with a +2 quarterstaff of chaos!
You die...

.#. #.##.# #.# #.# #. #.# #....#
#.# ##'## #. #.# #..### #.#
##...## #. ###.# #..#####.#
##.....## #. .##.###
#........###.......## ##
......#####.#....###.........####
..........####....###........'...
..#.#.##### #.§§§# #........####
.#..#.# ♣..@.♣ #.......## #.
##.##.# ♣♣.g.♣ ##.....## #.
......# ♣♣.♣♣ ###...## #. ##.####
♣♣.♣ #..#+## #. #.# ♣.♣♣ ##.#.#
#. #.# ♣♣.♣ #.#.# #. #.# ♣.♣♣
##.#.## #. #.# #'# #.....## #.
#.# ... #......#####.


You could see Crazy Yiuf.

Vanquished Creatures
  2 adders (D:2)
  2 endoplasms (D:1)
  A giant cockroach (D:1)
  3 goblins
  A hobgoblin (D:1)
  3 jackals (D:1)
  3 kobolds (D:1)
  A quokka (D:1)
  3 ball pythons
  6 bats
  2 rats (D:1)
27 creatures vanquished.

Vanquished Creatures (others)
  61 foxfires
61 creatures vanquished.

Grand Total: 88 creatures vanquished

Notes
Turn   | Place    | Note
-------+----------+-------------------------------------------
     0 | D:1      | snetch the Naga Fire Elementalist began the quest for the
                  | Orb.
     0 | D:1      | Reached XP level 1. HP: 15/15 MP: 3/3
   139 | D:1      | Reached XP level 2. HP: 18/22 MP: 1/5
   753 | D:2      | Reached XP level 3. HP: 18/28 MP: 1/6
  1334 | D:1      | Found a faded altar of an unknown god.
  1596 | D:2      | Found a runed translucent door.
  1597 | D:2      | Noticed Crazy Yiuf
  1609 | D:2      | Slain by Crazy Yiuf

Illustrated notes

Levels and vault maps discovered:
D:1:      ncdulo_lavacross, layout_loops_ring, basic_ecumenical_altar,
          serial_glass, glass_columns_a, glass_columns_a, due_unseen_surprise,
          feat_on_display, feat_on_display, feat_on_display
D:2:      layout_loops_corners, uniq_crazy_yiuf_cottage
D:3:      layout_loops_ring, marbit_many_paths, tgw_fedhas, uniq_grinder

Action                   || total
-------------------------++-------
 Cast: Foxfire           ||    36
 Abil: Spit Poison       ||     5
Armor: Leather armour    ||     1
Dodge: Dodged            ||     7

Table legend: (Time is in decaauts)
 A = Elapsed time spent in this place.
 B = Non-inter-level travel time spent in this place.
 C = Inter-level travel time spent in this place.
 D = Time resting spent in this place.
 E = Time spent auto-exploring this place.
 F = Levels seen in this place.
 G = Mean time per level.
                   A        B        C        D        E       F      G
               +--------+--------+--------+--------+--------+-----+--------+
         Total |   2009 |   1994 |     15 |      0 |   1603 |   3 |  669.7 |
       Dungeon |   2009 |   1994 |     15 |      0 |   1603 |   3 |  669.7 |
               +--------+--------+--------+--------+--------+-----+--------+

Top non-repeatable levels by time:
     D:1: 1179 daAuts
     D:2: 828 daAuts
     D:3: 1 daAuts
